 Dungeon Crawl Stone Soup version 0.25.1-2-g60ff931df9 (webtiles) character file.

Game seed: 13891559075605653529

7182 MissAmeliaDuncan the Slicer (level 11, -12/56 HPs)
             Began as a Vine Stalker Fighter on Sept 20, 2020.
             Was a Believer of Ashenzari.
             Mangled by a blink frog (13 damage)
             ... on level 2 of the Lair of Beasts.
             The game lasted 02:02:03 (9128 turns).

MissAmeliaDuncan the Slicer (Vine Stalker Fighter)  Turns: 9128, Time: 02:02:04

Health: -12/56     AC:  8    Str: 22    XL:     11   Next: 11%
Magic:  0/12       EV: 23    Int:  8    God:    Ashenzari [**....]
Gold:   496        SH: 11    Dex: 14    Spells: 10/10 levels left

rFire    . . .     SeeInvis .   m - +2 short sword (vamp)
rCold    . . .     Gourm    .   c - +0 kite shield
rNeg     . . .     Faith    .   w - +1 ring mail {rPois}
rPois    +         Spirit   +   (no helmet)
rElec    .         Reflect  .   (no cloak)
rCorr    .         Harm     .   Y - +0 pair of gloves
MR       +....                  (no boots)
Stlth    ++........             X - amulet of regeneration
HPRegen  0.98/turn              h - ring of Phasing {EV+8}
MPRegen  0.13/turn              F - +4 ring of evasion

@: drained
A: fangs 3, regeneration 1, magic shield, antimagic bite, no potion heal 3, rot
immunity
a: Curse Item, Scrying, Renounce Religion


You were on level 2 of the Lair of Beasts.
You worshipped Ashenzari.
Ashenzari was pleased with you.
You were hungry.

You visited 3 branches of the dungeon, and saw 11 of its levels.
You also visited: Ossuary.

You collected 496 gold pieces.

Inventory:

Hand Weapons
 j - a +1 dagger of protection
 k - a +1 dagger of holy wrath
 m - a +2 vampiric short sword (weapon)
 v - a +2 short sword of venom
 x - a +3 short sword
 C - a +3 spear
 E - a +0 dagger of venom
 L - a +0 dagger of electrocution
 O - the +10 long sword of the Endless Expanse {freeze, rF- rN+ Int+4}
   (You found it on level 5 of the Dungeon)

   It has been specially enchanted to freeze those struck by it, causing extra
   injury to most foes and up to half again as much damage against particularly
   susceptible opponents.
   It can also slow down cold-blooded creatures.
   It affects your intelligence (+4).
   It makes you vulnerable to fire.
   It protects you from negative energy.
 S - a +1 falchion of protection
Missiles
 U - 14 poisoned darts (quivered)
Armour
 c - a +0 kite shield (worn)
 n - a +2 robe of resistance
 w - a +1 ring mail of poison resistance (worn)
 Q - a +0 scale mail of cold resistance
 Y - a +0 pair of gloves (worn)
Magical Staves
 s - an uncursed staff of conjuration
 D - an uncursed staff of fire
Jewellery
 h - the ring of Phasing (left hand) {EV+8}
   (You found it on level 5 of the Dungeon)

   [ring of evasion]

   It affects your evasion (+8).
 u - a +4 ring of protection
 y - an uncursed ring of wizardry
 F - a +4 ring of evasion (right hand)
 V - an uncursed amulet of guardian spirit
 X - an amulet of regeneration (around neck)
Wands
 Z - a wand of digging (6)
Scrolls
 a - a scroll of summoning {unknown}
 e - 10 scrolls of remove curse
 g - 2 scrolls of immolation
 l - a scroll of teleportation
 p - a scroll of fear {unknown}
 q - a scroll of holy word {unknown}
 r - a scroll of silence {unknown}
 t - a scroll of random uselessness {unknown}
 z - a scroll of enchant weapon {unknown}
 G - a scroll of enchant armour {unknown}
 K - 2 scrolls of noise
 M - a scroll of magic mapping {unknown}
 N - a scroll of acquirement {unknown}
 W - 2 scrolls of amnesia
Potions
 b - a potion of invisibility
 d - 4 potions of might
 i - a potion of ambrosia
 o - 3 potions of flight
 A - a potion of stabbing
 B - 2 potions of mutation
 H - 2 potions of degeneration
 I - 2 potions of lignification
 J - 4 potions of cancellation
 P - a potion of brilliance
 R - 2 potions of curing
Comestibles
 f - 13 rations


   Skills:
 + Level 5.5(4.8) Fighting
 + Level 9.0(8.2) Short Blades
 + Level 2.1(1.5) Polearms
 + Level 2.4(1.8) Throwing
 + Level 5.8(5.1) Armour
 + Level 5.1(4.4) Dodging
 + Level 4.8(4.1) Stealth
 + Level 7.1(6.4) Shields


You had 10 spell levels left.
You didn't know any spells.
Your spell library was empty.

Dungeon Overview and Level Annotations

Branches:
Dungeon (8/15)             Temple (1/1) D:7            Lair (2/6) D:8
Ossuary (visited)
  Swamp: Lair:2-4    Shoals: Lair:2-4     Snake: Lair:2-4    Spider: Lair:2-4

Altars:
Ashenzari
Cheibriados
Dithmenos
Elyvilon
Fedhas
Gozag
Hepliaklqana
Kikubaaqudgha
Makhleb
Nemelex Xobeh
Okawaru
Qazlal
Ru
Sif Muna
Uskayaw
Wu Jian
Xom
Yredelemnul
Zin
The Shining One

Shops:
D:4 [   D:7 (

Portals:
Ice
Cave: Lair:2

Annotations:
D:5 2 runed translucent doors
Lair:2 Nergalle


Innate Abilities, Weirdness & Mutations

You have razor-sharp teeth.
Your natural rate of healing is unusually fast.
When hurt, damage is shared between your health and your magic reserves.
Your bite disrupts and absorbs the magic of your enemies.
Potions cannot restore your health.
You are immune to rotting.


Message History

The blink frog blinks!
The spectral orc hits you with a +0 dagger.
* * * LOW HITPOINT WARNING * * *
The white imp falters for a moment.
You puncture the white imp!
You kill the white imp!
The spectral orc warrior misses you.
The spectral orc warrior completely misses the fungus.
You block the white imp's attack.
The spectral orc knight closely misses you.
You block the spectral orc warrior's attack.
The spectral orc warrior completely misses you.
You hit the blink frog.
The blink frog is lightly wounded.
The spectral orc warlord hits you with a +0 great sword!
* * * LOW HITPOINT WARNING * * *
You block the spectral orc's attack.
A white imp comes into view.
The blink frog hits you!
You die...

,
.∩..........≈≈≈≈≈#
≈
............≈≈≈≈##*
,
..P....'..#.≈≈≈≈..
,, ,
.PP...#....≈≈≈.≈.#
+ #P...P....≈≈≈≈≈.#
* .+ #.P....≈≈≈≈.≈#
* ,,
.5..#..5Z...≈≈≈≈..
,,
,#....55ZF§.≈.≈≈≈.
#..P.oZ@ZZ≈.≈.≈.. ,
* #....#ZZZZ≈≈≈≈≈..
,
...?..P.ZP..≈≈≈≈≈.
,
...........≈≈≈≈≈≈.,
.....#######≈≈≈≈≈.
, , ....# *
≈≈≈≈F≈.. , , ...# ≈
≈≈≈≈≈. , #. * ≈
≈≈≈... * ,, * , ,


You could see Nergalle, 4 spectral orcs, 4 spectral orc warriors, a spectral orc
knight (summoned), a spectral orc warlord (summoned, fast), 2 blink frogs and 4
white imps.

Vanquished Creatures
  A black mamba (Lair:1)
  2 spiny frogs (Lair:1)
  A hornet (D:5)
  4 blink frogs (Lair:1)
  A hippogriff (D:8)
  2 water moccasins (Lair:1)
  Duvessa (D:7)
  2 porcupines (D:8)
  2 orc warriors
  5 ice beasts
  A sky beast (D:7)
  5 ogres
  3 wolves (Lair:1)
  5 centaurs
  A crocodile (Lair:1)
  5 elf zombies
  3 bullfrogs (D:8)
  An elf skeleton (D:6)
  Dowan (D:7)
  A scorpion (D:8)
  5 killer bees (D:7)
  4 wights (D:4)
  A howler monkey (D:7)
  5 crimson imps
  2 bullfrog zombies
  A human zombie (D:6)
  A centaur skeleton (D:5)
  3 centaur zombies
  A jelly (D:8)
  4 orc priests
  4 hounds
  9 orc wizards
  An iguana (D:4)
  A human skeleton (D:6)
  3 worker ants
  2 big kobold zombies (Ossuary)
  A hound skeleton (D:4)
  2 mummies (Ossuary)
  4 gnolls (D:4)
  A howler monkey skeleton (D:7)
  6 adders
  2 shadow imps
  6 white imps (Lair:2)
  4 oozes
  An adder skeleton (D:6)
  An adder zombie (Ossuary)
  2 worms
  2 dart slugs (D:3)
  6 leopard geckos
  23 orcs
  3 giant cockroaches
  5 goblins
  9 hobgoblins
  9 jackals
  3 ball pythons
  7 bats
  4 frilled lizards
  4 goblin zombies (Ossuary)
  10 hobgoblin zombies (Ossuary)
  A jackal zombie (Ossuary)
  7 kobolds
  8 kobold zombies (Ossuary)
  3 orc skeletons (D:6)
  9 orc zombies
  A quokka skeleton (D:5)
  6 rats
244 creatures vanquished.

Vanquished Creatures (others)
  A deep elf mage (D:7)
  A fungus (Lair:1)
  A plant (Lair:2)
3 creatures vanquished.

Grand Total: 247 creatures vanquished

Notes
Turn   | Place    | Note
-------+----------+-------------------------------------------
     0 | D:1      | MissAmeliaDuncan the Vine Stalker Fighter began the quest
                  | for the Orb.
     0 | D:1      | Reached XP level 1. HP: 11/11 MP: 2/2
   182 | D:1      | Reached XP level 2. HP: 8/16 MP: 3/3
   372 | D:1      | Found a shattered altar of Ashenzari.
   405 | D:1      | Became a worshipper of Ashenzari the Shackled
  1035 | D:2      | Reached XP level 3. HP: 20/20 MP: 4/4
  1389 | D:2      | Gained mutation: Your natural rate of healing is unusually
                  | fast. [Vine Stalker growth]
  1389 | D:2      | Reached XP level 4. HP: 23/24 MP: 5/5
  1944 | D:3      | Reached skill level 1 in Short Blades
  2387 | D:3      | Noticed an ice beast
  2425 | D:3      | Killed an ice beast
  2425 | D:3      | Reached skill level 2 in Short Blades
  2425 | D:3      | Reached skill level 1 in Dodging
  2425 | D:3      | Reached XP level 5. HP: 8/28 MP: 2/6
  2668 | D:3      | Reached XP level 6. HP: 18/32 MP: 7/7
  2741 | D:3      | Reached * piety under Ashenzari
  2832 | D:4      | Found a sacrificial altar of Ru.
  3140 | D:4      | Found Otiurun's Armour Emporium.
  3420 | D:4      | Found a shadowy altar of Dithmenos.
  3605 | D:4      | Reached skill level 3 in Short Blades
  3605 | D:4      | Reached skill level 1 in Throwing
  3605 | D:4      | Reached XP level 7. HP: 34/36 MP: 8/8
  3722 | D:4      | Found a snail-covered altar of Cheibriados.
  3777 | D:5      | Entered Level 5 of the Dungeon
  3976 | D:5      | Found a large runed translucent door.
  3976 | D:5      | Found a large runed translucent door.
  3981 | D:5      | Found a large runed translucent door.
  3981 | D:5      | Found a large runed translucent door.
  4041 | D:5      | Got the long sword of the Endless Expanse {freeze, rF- rN+
                  | Int+4}
  4302 | D:5      | Reached skill level 4 in Short Blades
  4302 | D:5      | Gained mutation: You have razor-sharp teeth. [Vine Stalker
                  | growth]
  4302 | D:5      | Reached XP level 8. HP: 32/42 MP: 9/9
  4371 | D:5      | Found a basalt altar of Yredelemnul.
  4374 | D:5      | Noticed a profane servitor
  4434 | D:5      | Found a glowing golden altar of the Shining One.
  4437 | D:5      | Noticed an angel
  4516 | D:5      | Noticed a hornet
  4523 | D:5      | Killed a hornet
  4624 | D:5      | Found the ring of Phasing {EV+8}
  4859 | D:6      | Reached skill level 5 in Short Blades
  4971 | D:6      | Reached skill level 5 in Armour
  4978 | D:6      | Reached skill level 5 in Shields
  5139 | D:6      | Reached XP level 9. HP: 45/45 MP: 10/10
  5160 | D:6      | Found a sand-covered staircase.
  5167 | Ossuary  | Entered an ossuary
  5342 | Ossuary  | Reached skill level 1 in Stealth
  5554 | D:6      | Reached skill level 6 in Short Blades
  6204 | D:6      | Reached ** piety under Ashenzari
  6584 | D:7      | Found Zerisa's Antique Weapon Boutique.
  6692 | D:7      | Found a staircase to the Ecumenical Temple.
  6815 | Temple   | Entered the Ecumenical Temple
  7032 | D:7      | Reached skill level 7 in Short Blades
  7183 | D:7      | Noticed Duvessa
  7185 | D:7      | Noticed Dowan
  7209 | D:7      | Killed Duvessa
  7209 | D:7      | Reached XP level 10. HP: 51/51 MP: 11/11
  7216 | D:7      | Killed Dowan
  7490 | D:7      | Noticed a deep elf mage
  7497 | D:7      | Killed a deep elf mage
  7843 | D:8      | Reached skill level 5 in Fighting
  7870 | D:8      | Found an opulent altar of Gozag.
  8120 | D:8      | Reached skill level 8 in Short Blades
  8236 | D:8      | Found a staircase to the Lair.
  8256 | Lair:1   | Entered Level 1 of the Lair of Beasts
  8256 | Lair:1   | Noticed a spiny frog
  8274 | Lair:1   | Killed a spiny frog
  8283 | Lair:1   | Noticed a spiny frog
  8300 | Lair:1   | Killed a spiny frog
  8344 | Lair:1   | Noticed a black mamba
  8366 | Lair:1   | Killed a black mamba
  8429 | Lair:1   | Reached skill level 5 in Dodging
  8452 | Lair:1   | Reached XP level 11. HP: 45/56 MP: 7/12
  8686 | Lair:1   | Reached skill level 9 in Short Blades
  9091 | Lair:2   | Found a frozen archway.
  9099 | Lair:2   | Noticed Nergalle
  9111 | Lair:2   | Noticed a spectral orc warlord
  9128 | Lair:2   | HP: 1/56 [spectral orc warlord/+0 great sword[Nergalle]
                  | (8)]
  9128 | Lair:2   | Mangled by a blink frog

Illustrated notes

Levels and vault maps discovered:
D:1:      lightli_arrival_statuegarden, layout_rooms, ashenzari_altar_1
D:2:      layout_basic
D:3:      layout_basic
D:4:      layout_basic, nicolae_ru_awakened_eye, lemuel_crystal_altar,
          cheibriados_altar_1, serial_shops, shop, first_ration, chequers_garden
D:5:      layout_basic, grunt_temple_overflow_holy_war, hangedman_decor_growths,
          minmay_hollow_rounded_squares
D:6:      layout_loops_ring, nicolae_ossuary_entry_catacombs, serial_glass,
          glass_columns_a, glass_columns_b, glass_columns_a, glass_columns_a,
          glass_columns_a, glass_columns_a, glass_columns_b, glass_columns_b,
          glass_columns_b, glass_columns_a, due_unseen_surprise,
          minmay_strange_pillars, feat_on_display, feat_on_display,
          grunt_ministairs_9
D:7:      layout_loops_corners, minmay_temple_entry_ruins, serial_shops, shop,
          hangedman_abyss_or_decor_stabs, guppyfry_early_elven_hall,
          uniq_duvessa
D:8:      layout_gridville, old_standard_altar, grunt_lair_entry_orc_guard_hut
Temple:   jpeg_temple_clearing
Lair:1:   layout_roguey, st_stairs_6
Lair:2:   layout_chaotic_city, elwin_shoals_entry_rooms,
          portal_ice_cave_entry_imps, serial_rivers,
          chequers_serial_rivers_large_a, chequers_serial_rivers_room_a,
          chequers_serial_rivers_small_b, chequers_serial_rivers_room_a,
          uniq_nergalle

Skill      XL: |  1  2  3  4  5  6  7  8  9 10 11 |
---------------+----------------------------------+-----
Fighting       | 3 4 5 |  5.5
Shields        | 3 4 5 6 7 |  7.1
Polearms       | 2 |  2.1
Short Blades   | 2 3 4 5 7 8 9 |  9.0
Armour         | 3 4 5 |  5.8
Dodging        | 1 2 4 5 |  5.1
Throwing       | 1 2 |  2.4
Stealth        | 3 4 |  4.8

Action                   |  1- 3 |  4- 6 |  7- 9 | 10-12 || total
-------------------------+-------+-------+-------+-------++-------
Melee: Trident           |    19 |       |       |       ||    19
       Dagger            |    92 |   239 |    11 |       ||   342
       Bite              |    30 |    89 |   196 |    89 ||   404
       Short sword       |       |       |   515 |   294 ||   809
Throw: Stone             |     1 |    23 |    42 |       ||    66
       Throwing net      |       |       |     2 |       ||     2
       Dart              |       |       |     1 |     2 ||     3
Evoke: Wand              |       |       |     1 |       ||     1
  Use: Potion            |     1 |       |       |       ||     1
       Scroll            |       |       |    10 |     6 ||    16
 Stab: Sleeping          |       |       |     5 |       ||     5
       Distracted        |       |       |     1 |       ||     1
  Eat: Chunk             |     2 |     2 |     3 |     3 ||    10
       Ration            |       |     2 |     2 |     1 ||     5
Armor: Scale mail        |    39 |    55 |    29 |       ||   123
       Robe              |       |       |    22 |       ||    22
       Ring mail         |       |       |     1 |    18 ||    19
Dodge: Dodged            |    30 |    75 |   184 |   179 ||   468
Block: Kite shield       |    48 |    86 |   156 |   153 ||   443
